General information
- name: BNet
- type: Ladder team game (AT/RT)
- host: Battle.net
- saver: SeeMeAfterClass
map: Cherryville
- players: 8
- length: 32:33
- speed: Fast
- version: 1.26 W3XP
- replay type: Public
» download(216 KB)
Players
team 1 (winner)
snowe (
teal | 35 APM | 1138 actions | 32:08)
8 Crypt Lord
3 Carrion Beetles
3 Spiked Carapace
1 Locust Swarm
1 Impale
» actions
| Assign group hotkey | 1 | |
| Build / train | 88 | |
| Enter build submenu | 26 | |
| Enter hero's abilities submenu | 8 | |
| Right click | 590 | |
| Select / deselect | 384 | |
| Use ability | 41 | |
1138 total
» units
| Acolyte | 14 | |
| Ghoul | 12 | |
| Crypt Fiend | 26 | |
| Obsidian Statue | 4 | |
| Meatwagon | 4 | |
60 total
» upgrades
| Creature Attack | 2 | |
| Creature Carapace | 2 | |
| Web | 1 | |
5 total
» buildings
| Altar of Darkness | 1 | |
| Crypt | 2 | |
| Ziggurat | 15 | |
| Tomb of Relics | 1 | |
| Graveyard | 1 | |
| Halls of the Dead | 1 | |
| Spirit Tower | 6 | |
| Slaughterhouse | 1 | |
| Nerubian Tower | 6 | |
34 total
» build order
00:12 Altar of Darkness
00:16 Crypt
00:21 Ziggurat
01:18 Ziggurat
01:34 Tomb of Relics
03:58 Ziggurat
04:31 Graveyard
05:49 Ziggurat
05:51 Halls of the Dead
06:41 Spirit Tower
07:55 Crypt
08:47 Slaughterhouse
08:56 Ziggurat
10:29 Ziggurat
11:25 Ziggurat
12:03 Ziggurat
12:28 Ziggurat
13:42 Spirit Tower
13:43 Nerubian Tower
13:46 Spirit Tower
13:51 Nerubian Tower
19:16 Nerubian Tower
19:17 Spirit Tower
25:14 Ziggurat
25:17 Ziggurat
25:20 Ziggurat
25:23 Ziggurat
25:27 Ziggurat
26:07 Ziggurat
26:33 Nerubian Tower
26:35 Nerubian Tower
27:09 Nerubian Tower
27:37 Spirit Tower
27:54 Spirit Tower
» items
o_Qe (
purple | 110 APM | 3538 actions | 32:08)
7 Archmage
3 Summon Water Elemental
3 Brilliance Aura
1 Mass Teleport
6 Paladin
2 Holy Light
2 Devotion Aura
1 Divine Shield
1 Resurrection
6 Mountain King
3 Storm Bolt
1 Bash
1 Thunder Clap
1 Avatar
» actions
| Assign group hotkey | 40 | |
| Basic commands | 692 | |
| Build / train | 143 | |
| ESC pressed | 5 | |
| Enter build submenu | 32 | |
| Enter hero's abilities submenu | 19 | |
| Give item / drop item | 1 | |
| Remove unit from queue | 5 | |
| Right click | 682 | |
| Select / deselect | 684 | |
| Select group hotkey | 1043 | |
| Use ability | 192 | |
3538 total
» units
| Peasant | 13 | |
| Footman | 8 | |
| Knight | 10 | |
| Spell Breaker | 3 | |
| Priest | 6 | |
| Sorceress | 3 | |
43 total
» upgrades
| Defend | 1 | |
| Priest Training | 2 | |
| Masonry | 3 | |
| Lumber Harvesting | 2 | |
| Animal War Training | 1 | |
| Swords | 3 | |
| Magic Sentry | 1 | |
| Plating | 3 | |
| Sorceress Training | 2 | |
18 total
» buildings
| Farm | 9 | |
| Altar of Kings | 1 | |
| Barracks | 1 | |
| Arcane Vault | 2 | |
| Lumber Mill | 1 | |
| Scout Tower | 17 | |
| Keep | 1 | |
| Guard Tower | 31 | |
| Arcane Sanctum | 1 | |
| Castle | 2 | |
| Blacksmith | 1 | |
| Town Hall | 3 | |
70 total
» build order
00:11 Farm
00:17 Altar of Kings
00:28 Farm
00:58 Barracks
02:09 Farm
02:33 Arcane Vault
02:47 Lumber Mill
02:54 Scout Tower
02:59 Farm
03:00 Farm
03:03 Farm
03:43 Keep
03:55 Guard Tower
03:59 Farm
05:02 Scout Tower
05:40 Guard Tower
05:41 Guard Tower
05:44 Farm
06:16 Arcane Sanctum
06:46 Farm
08:36 Castle
08:36 Castle
08:40 Blacksmith
11:11 Guard Tower
11:11 Guard Tower
11:16 Guard Tower
11:17 Guard Tower
11:17 Guard Tower
11:22 Town Hall
12:29 Guard Tower
13:20 Scout Tower
13:21 Scout Tower
15:01 Guard Tower
15:11 Guard Tower
15:12 Guard Tower
18:17 Scout Tower
18:18 Scout Tower
18:18 Scout Tower
18:20 Scout Tower
19:33 Scout Tower
19:55 Guard Tower
19:56 Guard Tower
21:16 Scout Tower
22:23 Guard Tower
22:29 Scout Tower
23:43 Guard Tower
24:37 Guard Tower
24:37 Guard Tower
24:37 Guard Tower
24:41 Scout Tower
25:14 Guard Tower
25:17 Arcane Vault
26:00 Scout Tower
26:03 Scout Tower
26:09 Scout Tower
27:13 Guard Tower
27:13 Guard Tower
27:23 Scout Tower
27:40 Scout Tower
27:42 Guard Tower
28:09 Guard Tower
29:34 Town Hall
29:52 Town Hall
» items
| Scroll of Regeneration | 3 | |
| Lesser Clarity Potion | 1 | |
| Ivory Tower | 5 | |
| Scroll of Town Portal | 2 | |
| Orb of Fire | 1 | |
12 total

»
Mysha (
red | 55 APM | 1767 actions | 32:08)
9 Mountain King
3 Storm Bolt
3 Bash
1 Avatar
2 Thunder Clap
6 Paladin
3 Holy Light
1 Divine Shield
1 Devotion Aura
1 Resurrection
» actions
| Assign group hotkey | 105 | |
| Basic commands | 3 | |
| Build / train | 97 | |
| Enter build submenu | 32 | |
| Enter hero's abilities submenu | 15 | |
| Give item / drop item | 11 | |
| Remove unit from queue | 6 | |
| Right click | 747 | |
| Select / deselect | 492 | |
| Select group hotkey | 147 | |
| Use ability | 111 | |
1767 total
» units
| Peasant | 14 | |
| Footman | 6 | |
| Gryphon Rider | 14 | |
| Goblin Shredder | 2 | |
| Knight | 3 | |
39 total
» upgrades
| Defend | 1 | |
| Lumber Harvesting | 2 | |
| Storm Hammers | 1 | |
| Swords | 3 | |
| Plating | 3 | |
| Masonry | 3 | |
| Cloud | 1 | |
| Animal War Training | 1 | |
| Armor | 1 | |
| Gunpowder | 1 | |
| Backpack | 1 | |
| Long Rifles | 1 | |
19 total
» buildings
| Altar of Kings | 1 | |
| Farm | 12 | |
| Barracks | 2 | |
| Arcane Vault | 1 | |
| Lumber Mill | 1 | |
| Keep | 1 | |
| Town Hall | 5 | |
| Castle | 1 | |
| Gryphon Aviary | 3 | |
| Blacksmith | 1 | |
| Scout Tower | 3 | |
| Guard Tower | 3 | |
34 total
» build order
00:24 Altar of Kings
00:39 Farm
00:57 Barracks
01:35 Farm
02:04 Arcane Vault
02:28 Farm
03:13 Farm
03:18 Lumber Mill
03:41 Keep
05:22 Town Hall
06:17 Castle
06:49 Gryphon Aviary
06:51 Gryphon Aviary
08:22 Gryphon Aviary
08:37 Farm
09:09 Blacksmith
09:25 Farm
10:41 Farm
11:19 Farm
11:56 Farm
12:36 Farm
13:19 Farm
18:08 Town Hall
18:54 Farm
20:15 Scout Tower
20:53 Guard Tower
22:19 Scout Tower
23:10 Guard Tower
24:56 Barracks
26:00 Town Hall
26:45 Scout Tower
27:24 Guard Tower
29:32 Town Hall
29:59 Town Hall
» items
| Scroll of Regeneration | 1 | |
| Lesser Clarity Potion | 1 | |
| Orb of Fire | 1 | |
| Staff of Sanctuary | 1 | |
| Potion of Healing | 1 | |
| Potion of Mana | 1 | |
| Scroll of Town Portal | 1 | |
| Potion of Lesser Invulnerability | 1 | |
| Scroll of Protection | 1 | |
9 total
team 2 (loser)
ExtraSpicy (
yellow | 88 APM | 2580 actions | 29:23)
6 Blademaster
2 Wind Walk
3 Critical Strike
1 Bladestorm
4 Shadow Hunter
2 Hex
2 Healing Wave
» actions
| Assign group hotkey | 58 | |
| Basic commands | 16 | |
| Build / train | 121 | |
| Enter build submenu | 56 | |
| Enter hero's abilities submenu | 11 | |
| Give item / drop item | 9 | |
| Remove unit from queue | 7 | |
| Right click | 1081 | |
| Select / deselect | 476 | |
| Select group hotkey | 509 | |
| Use ability | 236 | |
2580 total
» units
| Peon | 31 | |
| Grunt | 12 | |
| Raider | 4 | |
| Goblin Shredder | 2 | |
| Troll Batrider | 4 | |
| Wind Rider | 5 | |
58 total
» upgrades
| Berserker Strength | 1 | |
| Pillage | 1 | |
| Melee Weapons | 2 | |
| Armor | 2 | |
| Ensnare | 1 | |
| Liquid Fire | 1 | |
| War Drums Damage Increase | 1 | |
| Reinforced Defenses | 1 | |
| Envenomed Spears | 1 | |
11 total
» buildings
| Altar of Storms | 2 | |
| Orc Burrow | 19 | |
| Barracks | 1 | |
| Voodoo Lounge | 1 | |
| Stronghold | 2 | |
| War Mill | 1 | |
| Great Hall | 5 | |
| Beastiary | 7 | |
| Fortress | 1 | |
| Watch Tower | 14 | |
53 total
» build order
00:05 Altar of Storms
00:15 Orc Burrow
00:37 Barracks
01:25 Orc Burrow
02:00 Voodoo Lounge
03:58 Stronghold
04:01 Orc Burrow
04:04 Orc Burrow
04:20 War Mill
05:23 Great Hall
08:26 Beastiary
09:01 Beastiary
10:32 Fortress
10:56 Watch Tower
11:01 Watch Tower
11:55 Great Hall
11:56 Watch Tower
12:07 Watch Tower
12:30 Watch Tower
13:03 Watch Tower
13:32 Orc Burrow
13:34 Orc Burrow
14:52 Watch Tower
14:57 Great Hall
14:58 Watch Tower
15:03 Beastiary
15:05 Beastiary
15:07 Orc Burrow
15:08 Orc Burrow
17:21 Watch Tower
17:35 Watch Tower
17:35 Watch Tower
18:14 Watch Tower
18:31 Watch Tower
18:37 Orc Burrow
18:49 Orc Burrow
18:52 Great Hall
18:55 Orc Burrow
19:32 Watch Tower
21:25 Great Hall
22:32 Beastiary
22:34 Beastiary
22:36 Beastiary
24:28 Altar of Storms
25:02 Orc Burrow
25:03 Orc Burrow
26:00 Orc Burrow
26:43 Orc Burrow
27:15 Orc Burrow
27:17 Orc Burrow
27:58 Orc Burrow
28:01 Orc Burrow
» items
| Healing Salve | 4 | |
| Lesser Clarity Potion | 3 | |
| Periapt of Vitality | 3 | |
| Boots of Speed | 2 | |
| Potion of Healing | 3 | |
| Potion of Lesser Invulnerability | 2 | |
| Scroll of Town Portal | 5 | |
| Orb of Lightning | 1 | |
23 total

»
dontcar7 (
blue | 81 APM | 1965 actions | 24:21)
6 Blood Mage
3 Flame Strike
1 Siphon Mana
1 Banish
1 Summon Phoenix
» actions
| Assign group hotkey | 20 | |
| Basic commands | 22 | |
| Build / train | 55 | |
| ESC pressed | 5 | |
| Enter build submenu | 27 | |
| Enter hero's abilities submenu | 6 | |
| Right click | 672 | |
| Select / deselect | 298 | |
| Select group hotkey | 801 | |
| Use ability | 59 | |
1965 total
» units
| Peasant | 13 | |
| Footman | 5 | |
| Dragonhawk Rider | 10 | |
| Gryphon Rider | 3 | |
31 total
» upgrades
| Swords | 3 | |
| Lumber Harvesting | 2 | |
| Armor | 3 | |
| Cloud | 1 | |
| Storm Hammers | 1 | |
10 total
» buildings
| Altar of Kings | 3 | |
| Farm | 14 | |
| Barracks | 1 | |
| Scout Tower | 1 | |
| Arcane Tower | 1 | |
| Keep | 2 | |
| Blacksmith | 1 | |
| Lumber Mill | 1 | |
| Gryphon Aviary | 2 | |
| Castle | 1 | |
| Arcane Vault | 1 | |
| Town Hall | 1 | |
29 total
» build order
00:06 Altar of Kings
00:09 Farm
00:28 Barracks
00:47 Farm
01:37 Farm
01:47 Scout Tower
02:25 Arcane Tower
03:08 Keep
03:28 Blacksmith
03:41 Lumber Mill
04:43 Farm
05:24 Farm
05:36 Gryphon Aviary
05:41 Gryphon Aviary
06:55 Castle
07:20 Arcane Vault
08:31 Farm
09:20 Farm
10:16 Farm
10:30 Town Hall
10:58 Farm
11:48 Farm
13:36 Farm
15:12 Farm
16:33 Farm
18:33 Altar of Kings
18:38 Farm
19:48 Keep
20:51 Altar of Kings
» items
XxGainGreenxX (
pink | 43 APM | 1273 actions | 29:29)
6 Demon Hunter
2 Immolation
2 Evasion
1 Mana Burn
1 Metamorphosis
1 Keeper of the Grove
1 Thorns Aura
» actions
| Assign group hotkey | 33 | |
| Basic commands | 9 | |
| Build / train | 76 | |
| Enter build submenu | 22 | |
| Enter hero's abilities submenu | 7 | |
| Remove unit from queue | 4 | |
| Right click | 575 | |
| Select / deselect | 347 | |
| Select group hotkey | 110 | |
| Use ability | 90 | |
1273 total
» units
| Wisp | 23 | |
| Archer | 8 | |
| Druid of the Claw | 9 | |
| Dryad | 10 | |
50 total
» upgrades
| Abolish Magic | 1 | |
| Strength of the Wild | 3 | |
| Reinforced Hides | 3 | |
| Druid of the Claw Training | 2 | |
| Mark of the Claw | 1 | |
10 total
» buildings
| Altar of Elders | 1 | |
| Moon Well | 9 | |
| Ancient of War | 1 | |
| Tree of Ages | 3 | |
| Hunter's Hall | 1 | |
| Ancient of Lore | 5 | |
| Tree of Eternity | 1 | |
| Tree of Life | 1 | |
| Ancient of Wonders | 1 | |
23 total
» build order
00:09 Altar of Elders
00:23 Moon Well
00:53 Ancient of War
01:32 Moon Well
02:47 Tree of Ages
02:47 Tree of Ages
03:44 Moon Well
04:37 Hunter's Hall
05:35 Moon Well
06:30 Ancient of Lore
06:36 Ancient of Lore
06:41 Ancient of Lore
06:47 Moon Well
08:11 Tree of Eternity
08:30 Ancient of Lore
08:40 Ancient of Lore
09:42 Moon Well
11:38 Moon Well
12:03 Moon Well
13:14 Moon Well
16:50 Tree of Life
22:49 Ancient of Wonders
vic777 (
orange | 23 APM | 732 actions | 32:08)
3 Blademaster
1 Wind Walk
1 Mirror Image
1 Critical Strike
1 Firelord
1 Soul Burn
» actions
| Basic commands | 91 | |
| Build / train | 62 | |
| Enter build submenu | 15 | |
| Enter hero's abilities submenu | 4 | |
| Remove unit from queue | 1 | |
| Right click | 366 | |
| Select / deselect | 173 | |
| Use ability | 20 | |
732 total
» units
| Peon | 5 | |
| Grunt | 4 | |
| Troll Headhunter/Berserker | 23 | |
| Tauren | 9 | |
| Wind Rider | 7 | |
| Goblin Zeppelin | 1 | |
49 total
» upgrades
| Pillage | 1 | |
| Berserker Upgrade | 1 | |
| Masonry | 1 | |
3 total
» buildings
| Altar of Storms | 1 | |
| Barracks | 1 | |
| Orc Burrow | 6 | |
| War Mill | 1 | |
| Stronghold | 1 | |
| Watch Tower | 3 | |
| Fortress | 1 | |
| Tauren Totem | 1 | |
| Beastiary | 1 | |
16 total
» build order
00:14 Altar of Storms
01:58 Barracks
02:03 Orc Burrow
03:14 Orc Burrow
03:22 War Mill
04:26 Orc Burrow
11:06 Stronghold
11:20 Orc Burrow
11:37 Watch Tower
15:28 Watch Tower
16:39 Fortress
18:34 Watch Tower
19:13 Tauren Totem
21:27 Orc Burrow
23:17 Orc Burrow
23:24 Beastiary
Chat log
(00:07 / Allies) Mysha: Hi all
(00:17 / Allies) Mysha: I go Mk foot first then will see
(00:24 / Allies) snowe: fiend stat
(01:04 / Allies) snowe: hes here hes bein a dumbass
(01:07 / Allies) snowe: or at least he was
(01:08 / Allies) Mysha: go play 3vs4 ?
(01:13 / Allies) Mysha: or leave ?
(01:22 / Allies) o_Qe: rush
(01:23 / Allies) Mysha: ALL expand plz
(01:27 / Allies) snowe: ok rush
(01:29 / Allies) Mysha: First expand plz
(01:36 / Allies) snowe: no rush
(01:38 / Allies) snowe: full out
(01:47 / Allies) Mysha: Plz we will need expand
(01:51 / Allies) Mysha: if we are just 3 :S
(01:55 / Allies) snowe: we dont have enough players
(02:05 / Allies) snowe: ill take his mine soon
(02:35 / Allies) snowe: ty
(03:13 / Allies) snowe: ill have a rod too
(04:35 / Allies) snowe: ready?
(04:39 / Allies) Mysha: for ? mD
(04:55 / Allies) snowe: meet
(04:57 / Allies) snowe: mee
(05:36 / Allies) snowe: meet hurry
(05:39 / Allies) Mysha: clear here plz
(06:01 / Allies) Mysha: clear
(06:07 / Allies) Mysha: good
(06:11 / Allies) Mysha: Ok so clean >
(06:33 / Allies) snowe: gogogo
(07:01 / Allies) Mysha: GOGO
(07:16 / Allies) SeeMeAfterClass: You ought not have taken my land
(07:24 / Allies) SeeMeAfterClass: This land belonged to my forefathers for generations
(07:44 / Allies) snowe: out
(07:46 / All) Mysha: BM
(07:55 / All) SeeMeAfterClass: Ought not take land
(07:59 / All) SeeMeAfterClass: Ain't right
(08:07 / All) SeeMeAfterClass: I bring the rain
(08:11 / All) SeeMeAfterClass: Wash your bodies down the river
(08:17 / All) SeeMeAfterClass: RAIN GOD HEAR MY PRAYERS
(08:25 / Allies) Mysha: GOOD JOB go back
(08:35 / All) SeeMeAfterClass: DROWN THESE INTERLOPERS WITH YOUR FLOODS
(08:57 / Allies) Mysha: they are noobs man
(08:59 / Allies) Mysha: we can win
(09:04 / All) SeeMeAfterClass: WASH CLEAN THEIR FILTH FROM THE SACRED LANDS MY FOLK HAVE FARMED FOR COUNTLESS GENERATIONS
(10:08 / Allies) Mysha: purple, expand plz :/
(10:15 / Allies) Mysha: Wood plz
(10:44 / Allies) Mysha: Wood plz
(10:59 / Allies) Mysha: ty
(11:56 / Allies) Mysha: go ??
(12:07 / Allies) snowe: creep and counter now
(12:51 / Allies) Mysha: We creeped the map full no ?
(13:01 / Allies) snowe: lol
(13:03 / Allies) Mysha: Let It die
(13:12 / Allies) Mysha: Mass air grrr
(13:51 / All) ExtraSpicy: get cleansed
(13:53 / Allies) Mysha: More spider and melee plz
(14:44 / All) XxGainGreenxX: outt
(15:05 / Allies) snowe: u guys have shit in my basde
(15:15 / Allies) Mysha: Why ?
(15:18 / All) Mysha: Buy potion man
(15:19 / Allies) snowe: you get it red
(15:50 / Allies) Mysha: I come man
(16:23 / Allies) snowe: no
(16:26 / Allies) snowe: not expo
(16:27 / Allies) snowe: get base
(16:43 / All) SeeMeAfterClass: THERE IS BLOOD ON YOUR HANDS
(17:00 / All) Mysha: WEB
(17:02 / All) SeeMeAfterClass: ONLY BLOOD CAN PAY FOR BLOOD
(18:03 / Allies) snowe: red u have hippo in my base
(18:19 / All) SeeMeAfterClass: LOVE CONQUERS EVERYTHING
(18:23 / All) SeeMeAfterClass: THE LOVE I HAVE FOR MY FOLK
(18:26 / All) SeeMeAfterClass: MY ENERGY, MY ESSANCE
(18:33 / All) SeeMeAfterClass: FLOWS FORTH LIKE A GEYSER
(18:39 / All) SeeMeAfterClass: ENEMIES OF MY ENEMIES
(18:50 / All) SeeMeAfterClass: MAY THE TEARS OF MY BODY STRENGTHEN YOU
(19:32 / All) SeeMeAfterClass: THESE MEN, THEY TAKE FROM ME, EVERYTHING
(19:47 / All) SeeMeAfterClass: MAY MY ABJECT SLAVERY BE A WARNING AND A LESSON
(19:58 / Allies) snowe: get alter
(20:00 / All) SeeMeAfterClass: THEY HAVE SALTED THE EARTH
(20:00 / Allies) snowe: alter
(20:05 / All) SeeMeAfterClass: BLACK LIKE THEIR HEARTS
(20:06 / Allies) Mysha: Need tp grrr
(20:13 / All) SeeMeAfterClass: NO CROPS SHALL EVER AGAIN GROW UPON THIS BLIGHTED SOIL
(20:18 / All) Mysha: WEB
(20:55 / All) SeeMeAfterClass: FLEE FOOL
(21:15 / All) SeeMeAfterClass: RUN SWIFTER THAN THE CROW FLIES
(21:17 / All) SeeMeAfterClass: OR PERISH
(21:25 / All) SeeMeAfterClass: STRAGGLERS WILL DIE
(21:28 / All) SeeMeAfterClass: STRAGGLERS WILL DIE
(21:38 / All) SeeMeAfterClass: HARK NOW
(21:45 / All) SeeMeAfterClass: THESE MEN ARE RELENTLESS
(21:59 / All) SeeMeAfterClass: YOU WILL KNOW NO PEACE UNTIL THE LAST OF THEM LIES COLD ON THE EARTH, ROTTING MEAT
(22:04 / All) SeeMeAfterClass: HEAR ME NOW OR PERISH!
(22:25 / All) SeeMeAfterClass: ONLY LOVE CAN OVERCOME THEIR HATE
(22:47 / All) SeeMeAfterClass: TERROR STIFLES THE LOVE
(22:53 / All) SeeMeAfterClass: TERROR WEAKENS THE HEART
(22:59 / All) SeeMeAfterClass: VANQUISH FEAR
(23:02 / All) SeeMeAfterClass: OPEN YOUR HEART
(23:16 / All) SeeMeAfterClass: DO YOU HEAR ME? MY ESSENCE REMAINS
(23:21 / All) SeeMeAfterClass: DOES IT GUIDE YOU?
(23:59 / All) SeeMeAfterClass: I BEAR YOU LOVE, ENEMY OF MY ENEMY
(24:12 / All) SeeMeAfterClass: OVERCOME THESE DOUBTS GNAWING YOUR HEARTS
(24:34 / All) SeeMeAfterClass: VICTORY IS ACHIEVED ONLY WITH CONVICTION
(24:56 / All) SeeMeAfterClass: THE BODIES FELL BUT THE SOULS DID NOT RISE
(25:12 / All) SeeMeAfterClass: THEY WERE FEARFUL IN LIFE, THEY WERE NOT WORTHY OF EVERLASTING BLISS
(25:36 / All) SeeMeAfterClass: HATRED POLLUTED THEIR HEARTS TURN THE GOLD TO RUST, THE SWEET TO BITTER, AND THE GOOD TO VILE
(25:50 / All) SeeMeAfterClass: DO NOT THOU BE AS THEY
(26:37 / All) SeeMeAfterClass: RIVERS OF BLOOD WILL POUR FORTH FROM YOUR LANDS
(26:56 / All) SeeMeAfterClass: UNLESS YOU DEFEAT THIS UNYIELDING MENACE NOW, BEFORE IT IS TOO LATE
(27:20 / All) XxGainGreenxX: its funny cuz green is worst player on their team.
(27:56 / All) SeeMeAfterClass: THIS PESTILENCE CAME IN A DREAM, A NIGHTMARE
(28:07 / All) SeeMeAfterClass: FROM THE STARS CAME A GREAT HUNGER
(28:28 / All) SeeMeAfterClass: WE HAD NO TIME TO PREPARE OURSELVES FOR THE BEAST THAT RAPED OUR LANDS
(28:49 / All) SeeMeAfterClass: SOME SAY THEY ARE NOT REAL
(28:52 / All) SeeMeAfterClass: SOME SAY THEY ARE TOO REAL
(29:06 / All) SeeMeAfterClass: BE NOT AS THEY BE NOT AS THEY THEY ARE AS REAL AS THEY CAN BE DO BELIEVE ME
(29:52 / All) SeeMeAfterClass: NONE CAN RESIST THIS GREAT AND POWERFUL HUNGER FROM THE NETHERWORLD
(30:38 / Allies) snowe: gj guys
(32:01 / All) snowe: hahaha i still have made a black citadel yet
(32:02 / All) Mysha: gg noob
(32:06 / All) Mysha: Fuck you